 Dungeon Crawl Stone Soup version 0.19.5 (webtiles) character file.

7004 RaHiT the Thaumaturge (level 10, 0/74 HPs)
             Began as a Mummy Conjurer on Apr 13, 2017.
             Was an Elder of Vehumet.
             Slain by a hippogriff (1 damage)
             ... on level 12 of the Dungeon.
             The game lasted 01:21:41 (15817 turns).

RaHiT the Thaumaturge (Mummy Conjurer)             Turns: 15817, Time: 01:21:42

Health: 0/74       AC:  4    Str: 12    XL:     10   Next: 82%
Magic:  5/24       EV: 15    Int: 17    God:    Vehumet [****..]
Gold:   551        SH:  0    Dex: 16    Spells: 6 memorised, 12 levels left

rFire  x . .     SeeInvis .     A - +2 quarterstaff (chaos)
rCold  + . .     Gourm    .     a - +0 robe
rNeg   + + +     Faith    .     (shield currently unavailable)
rPois  ∞         Spirit   .     (no helmet)
rElec  .         Reflect  .     o - +0 cloak
rCorr  .         Harm     .     i - +0 pair of gloves
MR     ++...                    (no boots)
Stlth  +++.......               r - amulet of regeneration
                                q - ring "Bosidirch" {Wiz Dex+3 Stlth+}
                                e - ring of protection from magic

@: very slightly contaminated
A: no food or potions, fire vulnerability, cold resistance 1, negative energy
resistance 3, torment resistance, unbreathing
a: Renounce Religion


You were on level 12 of the Dungeon.
You worshipped Vehumet.
Vehumet was greatly pleased with you.
You were not hungry.

You visited 1 branch of the dungeon, and saw 12 of its levels.

You collected 551 gold pieces.

Inventory:

Hand Weapons
 A - a +2 quarterstaff of chaos (weapon)
Missiles
 B - 2 throwing nets (quivered)
Armour
 a - a +0 robe (worn)
 i - a +0 pair of gloves (worn)
 o - a +0 cloak (worn)
 D - a +0 buckler
Jewellery
 d - an uncursed ring of protection from fire
 e - a ring of protection from magic (left hand)
 q - the ring "Bosidirch" (right hand) {Wiz Dex+3 Stlth+}
   (You found it on level 4 of the Dungeon)

   [ring of wizardry]

   It improves your spell success rate.
   It affects your dexterity (+3).
   It makes you more stealthy.
 r - an amulet of regeneration (around neck)
Wands
 k - a wand of confusion (28/48)
 l - a wand of slowing (27/48)
 s - a wand of disintegration (8/24)
 t - a wand of lightning (9/15)
 y - a wand of digging (8/24)
 z - a wand of flame (27/48)
 C - a wand of confusion (24/48)
 I - a wand of lightning (7/15)
Scrolls
 c - 5 scrolls of magic mapping
 f - 3 scrolls of remove curse
 g - a scroll of enchant weapon
 h - a scroll of amnesia
 j - a scroll of noise
 n - 3 scrolls of fog
 p - 2 scrolls of teleportation
 u - a scroll of identify
 v - a scroll of summoning
 x - a scroll of enchant armour
 G - a scroll of vulnerability
Books
 b - a book of Conjurations

   Spells                             Type                      Level
   a - Magic Dart                     Conjuration                  1
   b - Searing Ray                    Conjuration                  2
   c - Dazzling Spray                 Conjuration/Hexes            3
   d - Fulminant Prism                Conjuration/Hexes            4
   e - Iskenderun's Mystic Blast      Conjuration                  4
   f - Iskenderun's Battlesphere      Conjuration/Charms           5
 m - a book of Beasts

   Spells                             Type                      Level
   a - Summon Butterflies             Summoning                    1
   b - Call Canine Familiar           Summoning                    3
   c - Summon Ice Beast               Ice/Summoning                4
   d - Summon Mana Viper              Hexes/Summoning              5
   e - Summon Hydra                   Summoning                    7
 w - a book of Frost

   Spells                             Type                      Level
   a - Freeze                         Ice                          1
   b - Throw Frost                    Conjuration/Ice              2
   c - Ozocubu's Armour               Charms/Ice                   3
   d - Throw Icicle                   Conjuration/Ice              4
   e - Summon Ice Beast               Ice/Summoning                4


   Skills:
 - Level 5.0 Fighting
 - Level 5.1 Dodging
 - Level 1.5 Stealth
 - Level 10.0 Spellcasting
 * Level 7.6 Conjurations
 - Level 5.0 Evocations


You had 12 spell levels left.
You knew the following spells:

 Your Spells              Type           Power        Failure   Level  Hunger
a - Magic Dart            Conj           ####         1%          1    N/A
b - Iskenderun's Mystic   Conj           ####....     1%          4    N/A
c - Iskenderun's Battles  Conj/Chrm      ###.....     9%          5    N/A
d - Throw Icicle          Conj/Ice       ###.....     2%          4    N/A
e - Summon Butterflies    Summ           #.......     4%          1    N/A
q - Searing Ray           Conj           ####..       1%          2    N/A

Dungeon Overview and Level Annotations

Branches:
Dungeon (13/15)            Temple (0/1) D:7            Lair (0/6) D:9
    Orc: D:9-12      Vaults: D:13-14

Altars:
Dithmenos
Fedhas
Gozag
Kikubaaqudgha
Nemelex Xobeh
Ru
Sif Muna
Vehumet
The Shining One


Innate Abilities, Weirdness & Mutations

You do not eat or drink.
Your flesh is vulnerable to fire.
You are immune to poison.
Your flesh is cold resistant. (rC+)
You are immune to negative energy. (rN+++)
You are immune to unholy pain and torment.
You can survive without breathing.


Message History

Aiming: Searing Ray
Press: ? - help, Shift-Dir - straight line, f - hippogriff
Aim: a hippogriff (moderately wounded)
The searing ray hits the hippogriff.
The hippogriff is moderately wounded. (Press . to maintain the ray.)
The hippogriff bites you. The hippogriff pecks you. The hippogriff claws you.
* * * LOW HITPOINT WARNING * * *
The searing ray hits the hippogriff.
The hippogriff is severely wounded.
The hippogriff bites you!
* * * LOW HITPOINT WARNING * * *
The hippogriff completely misses you. The hippogriff claws you!
* * * LOW HITPOINT WARNING * * *
The searing ray hits the hippogriff.
The hippogriff is almost dead.
The hippogriff misses you. The hippogriff pecks you.
* * * LOW HITPOINT WARNING * * *
The hippogriff claws you.
You die...

. ..
.#########
........#
#......#
#.H....#
+..@...#
#......#
########


You could see a hippogriff.

Vanquished Creatures
  3 komodo dragons
  A hornet (D:7)
  A queen bee (D:9)
  A hippogriff (D:9)
  A two-headed ogre (D:9)
  A wyvern (D:8)
  A steam dragon (D:9)
  An eye of draining (D:9)
  A sky beast (D:9)
  3 ice beasts
  5 ogres
  A necrophage (D:7)
  2 centaurs (D:9)
  2 phantoms
  2 crocodiles
  6 bullfrogs
  2 gnoll sergeants
  The ghost of Arvee the Skirmisher, a weakling OgFi (D:3)
  A scorpion (D:7)
  22 killer bees
  3 wights (D:6)
  7 howler monkeys
  2 crimson imps
  A centaur zombie (D:7)
  4 jellies
  3 orc priests
  Crazy Yiuf (D:5)
  2 gnoll shamans
  3 hounds
  A centaur skeleton (D:4)
  Jessica (D:2)
  4 iguanas (D:9)
  4 orc wizards
  5 worker ants
  A howler monkey skeleton (D:9)
  13 adders
  53 gnolls
  2 shadow imps
  An ooze (D:5)
  4 worms
  8 leopard geckos
  27 orcs
  A ball python (D:2)
  9 bats
  6 giant cockroaches
  13 goblins
  11 hobgoblins
  19 jackals
  A quokka (D:4)
  8 frilled lizards
  A jackal skeleton (D:5)
  8 kobolds
  A leopard gecko zombie (D:6)
  A quokka zombie (D:6)
  8 rats
295 creatures vanquished.

Vanquished Creatures (others)
  5 plants
5 creatures vanquished.

Grand Total: 300 creatures vanquished

Notes
Turn   | Place    | Note
-------+----------+-------------------------------------------
     0 | D:1      | RaHiT the Mummy Conjurer began the quest for the Orb.
     0 | D:1      | Reached XP level 1. HP: 13/13 MP: 3/3
   215 | D:1      | Found a shadowy altar of Dithmenos.
   302 | D:1      | Reached XP level 2. HP: 10/19 MP: 0/5
   362 | D:1      | Learned a level 2 spell: Searing Ray
   806 | D:1      | Reached skill level 3 in Spellcasting
  1324 | D:1      | Reached XP level 3. HP: 24/24 MP: 2/7
  2206 | D:2      | Found a deep blue altar of Sif Muna.
  2246 | D:2      | Noticed Jessica
  2251 | D:2      | Killed Jessica
  2251 | D:2      | Reached skill level 4 in Spellcasting
  2251 | D:2      | Reached XP level 4. HP: 30/30 MP: 3/10
  2866 | D:3      | Found a faded altar of an unknown god.
  2913 | D:3      | Found a blossoming altar of Fedhas.
  3054 | D:3      | Reached XP level 5. HP: 30/35 MP: 7/12
  3061 | D:3      | Learned a level 4 spell: Iskenderun's Mystic Blast
  3225 | D:3      | Found a sacrificial altar of Ru.
  3359 | D:3      | Found an opulent altar of Gozag.
  3424 | D:3      | Reached skill level 5 in Spellcasting
  3961 | D:4      | Reached XP level 6. HP: 41/41 MP: 6/13
  4850 | D:4      | Got a brightly glowing bone ring
  4862 | D:4      | Identified the ring "Bosidirch" {Wiz Dex+3 Stlth+} (You found it on level 4 of the Dungeon)
  4916 | D:4      | You fall through a shaft for 3 floors!
  4951 | D:7      | Reached skill level 5 in Conjurations
  5066 | D:7      | Reached skill level 1 in Fighting
  5211 | D:7      | Reached XP level 7. HP: 50/50 MP: 8/14
  5763 | D:5      | Entered Level 5 of the Dungeon
  5908 | D:5      | Found a radiant altar of Vehumet.
  5916 | D:5      | Became a worshipper of Vehumet
  6408 | D:5      | Reached XP level 8. HP: 58/60 MP: 5/15
  6785 | D:5      | Found a runed door.
  6789 | D:5      | Noticed Crazy Yiuf
  6793 | D:5      | Killed Crazy Yiuf
  7547 | D:3      | Noticed Arvee's ghost (weakling OgFi)
  7771 | D:3      | Reached skill level 5 in Fighting
  7900 | D:3      | Killed Arvee's ghost
  8051 | D:3      | Reached * piety under Vehumet
  8051 | D:3      | Offered knowledge of Shock by Vehumet.
  8058 | D:3      | Learned a level 5 spell: Iskenderun's Battlesphere
  8120 | D:3      | Reached skill level 1 in Evocations
  8734 | D:3      | Reached skill level 5 in Dodging
  9246 | D:3      | Reached ** piety under Vehumet
  9246 | D:3      | Offered knowledge of Flame Tongue by Vehumet.
 10322 | D:6      | Reached skill level 6 in Spellcasting
 10322 | D:6      | Reached XP level 9. HP: 57/68 MP: 7/18
 10533 | D:6      | Offered knowledge of Stone Arrow by Vehumet.
 10864 | D:7      | Found an ancient bone altar of Kikubaaqudgha.
 10866 | D:7      | Found a sparkling altar of Nemelex Xobeh.
 11087 | D:7      | Found a staircase to the Ecumenical Temple.
 11111 | D:7      | Reached skill level 7 in Spellcasting
 11532 | D:7      | Reached *** piety under Vehumet
 11756 | D:8      | Reached skill level 8 in Spellcasting
 11855 | D:8      | Found a glowing golden altar of the Shining One.
 12530 | D:9      | Reached skill level 5 in Evocations
 12623 | D:9      | Noticed a queen bee
 12675 | D:9      | Reached XP level 10. HP: 62/74 MP: 15/22
 12690 | D:9      | Reached skill level 9 in Spellcasting
 13415 | D:9      | Offered knowledge of Olgreb's Toxic Radiance by Vehumet.
 13499 | D:9      | Learned a level 4 spell: Throw Icicle
 13543 | D:9      | Reached skill level 10 in Spellcasting
 14119 | D:9      | Learned a level 1 spell: Summon Butterflies
 14264 | D:9      | Found a staircase to the Lair.
 15466 | D:10     | Entered Level 10 of the Dungeon
 15518 | D:10     | Reached **** piety under Vehumet
 15735 | D:10     | You fall through a shaft for 3 floors!
 15790 | D:13     | Noticed a white ugly thing
 15816 | D:12     | HP: 3/74 [hippogriff (9)]
 15817 | D:12     | HP: 1/74 [hippogriff (2)]
 15817 | D:12     | Slain by a hippogriff

Skill      XL: |  1  2  3  4  5  6  7  8  9 10 |
---------------+-------------------------------+-----
Spellcasting   | 3 4 5 6 8 10 | 10.0
Conjurations   | 4 5 7 |  7.6
Fighting       | 2 4 5 |  5.0
Dodging        | 2 3 5 |  5.1
Evocations     | 3 5 |  5.0
Stealth        | |  1.5

Action                   |  1- 3 |  4- 6 |  7- 9 | 10-12 || total
-------------------------+-------+-------+-------+-------++-------
Melee: Unarmed           |     1 |     2 |     8 |       ||    11
       Quarterstaff      |       |       |    40 |    29 ||    69
Throw: Throwing net      |       |       |     1 |       ||     1
 Cast: Magic Dart        |    79 |    68 |   136 |    33 ||   316
       Searing Ray       |     6 |    29 |   112 |    49 ||   196
       Iskenderun's Myst |       |       |     4 |     5 ||     9
       Throw Icicle      |       |       |       |    21 ||    21
       Iskenderun's Batt |       |       |       |     7 ||     7
       Summon Butterflie |       |       |       |     6 ||     6
Evoke: Wand              |       |       |       |     1 ||     1
  Use: Scroll            |       |     6 |    10 |     5 ||    21
 Stab: Sleeping          |       |       |       |     5 ||     5
Armor: Robe              |     2 |     8 |    60 |    22 ||    92
Dodge: Dodged            |    18 |    35 |   241 |   130 ||   424
